 Dungeon Crawl Stone Soup version 0.22-a0-305-gd21a89c (webtiles) character file.

265 Chaotic the Shield-Bearer (level 5, -1/47 HPs)
             Began as a Minotaur Fighter on Mar 28, 2018.
             Slain by an orc wizard
             ... wielding a +0 dagger
              (2 damage)
             ... on level 4 of the Dungeon.
             The game lasted 00:02:17 (2445 turns).

Chaotic the Shield-Bearer (Minotaur Fighter)        Turns: 2445, Time: 00:02:17

Health: -1/47      AC:  7    Str: 23    XL:     5   Next: 99%
Magic:  4/4        EV:  8    Int:  5    God:
Gold:   141        SH:  0    Dex: 10    Spells: 4/4 levels left

rFire    . . .     SeeInvis .   a - +0 rapier
rCold    . . .     Gourm    .   c - +0 shield
rNeg     . . .     Faith    .   b - +0 scale mail
rPois    .         Spirit   .   (helmet restricted)
rElec    .         Reflect  .   (no cloak)
rCorr    .         Harm     .   (no gloves)
MR       .....                  (no boots)
Stlth    ..........             (no amulet)
HPRegen  0.15/turn              (no ring)
MPRegen  0.09/turn              (no ring)

@: confused
A: retaliatory headbutt, hooves 1, horns 2, camouflage 1, strong 1, subdued
magic 1
a: no special abilities


You were on level 4 of the Dungeon.
You were not hungry.

You visited 1 branch of the dungeon, and saw 4 of its levels.
You also visited: Sewer.

You collected 141 gold pieces.

Inventory:

Hand Weapons
 a - a +0 rapier (weapon)
Armour
 b - a +0 scale mail (worn)
 c - a +0 shield (worn)
Jewellery
 l - an uncursed amulet of magic regeneration {unknown}
 n - an uncursed ring of magical power {unknown}
 t - an uncursed ring of stealth {unknown}
 y - an uncursed ring of resist corrosion {unknown}
Scrolls
 e - 3 scrolls of enchant weapon {unknown}
 h - 2 scrolls of amnesia {unknown}
 i - 2 scrolls of noise {unknown}
 o - a scroll of enchant armour {unknown}
 p - 5 scrolls of identify {unknown}
 q - a scroll of teleportation {unknown}
 r - 3 scrolls of magic mapping {unknown}
 u - a scroll of fog {unknown}
 w - a scroll of blinking {unknown}
 x - a scroll of remove curse {unknown}
Potions
 d - 2 potions of might
 g - a potion of degeneration {unknown}
 j - a potion of mutation
 k - 2 potions of curing {unknown}
 m - a potion of berserk rage {unknown}
 s - 2 potions of heal wounds {unknown}
 v - 2 potions of flight {unknown}
 z - a potion of agility {unknown}
 B - a potion of invisibility {unknown}
Comestibles
 f - 4 rations


   Skills:
 + Level 4.6 Fighting
 + Level 4.5 Short Blades
 + Level 4.7 Armour
 + Level 1.0 Dodging
 + Level 5.1 Shields


You had 4 spell levels left.
You didn't know any spells.

Dungeon Overview and Level Annotations

Branches:
Dungeon (4/15)
 Temple: D:4-7

Altars:
Trog


Innate Abilities, Weirdness & Mutations

You reflexively headbutt those who attack you in melee.
You have a pair of horns on your head.
You have large cloven feet.
Your skin changes colour to match your surroundings (Stealth+).
Your muscles are strong. (Str +2)
Your spells are a little easier to cast, but a little less powerful.


Message History

You are confused.
The orc misses you.
Unknown command.
You closely miss the orc. You headbutt the orc.
The orc is almost dead.
The orc wizard hits you but does no damage.
The orc hits you but does no damage.
The orc wizard points at you and mumbles some strange words.
The puff of flame hits you!
* * * LOW HITPOINT WARNING * * *
You hit the orc.
You kill the orc!
The orc wizard hits you but does no damage. x2
Unknown command.
It was a potion of mutation.
You feel extremely strange.
Your skin functions as natural camouflage.
Your connection to magic feels subdued.
Your feet thicken and deform.
You feel stronger. The orc wizard hits you with a dagger.
You die...

####.##..####.######.
#..#..............
##.#####.#.######
#.....#.#.#
#..##.#.#.#
#<.##...#.#
#......(#####'##
#.......##.$...#
#[......##..@o.#
#........+.)[o.#
#.........#.....#
#.........#.....#
#.#######.#.....#
#.....# #######


You could see 2 orc wizards.

Vanquished Creatures
  A big kobold (Sewer)
  An orc priest (D:4)
  Natasha (twice) (D:2)
  3 adders
  A river rat (Sewer)
  An ooze (D:3)
  4 worms (D:3)
  5 leopard geckos
  An orc (D:4)
  A ball python (D:3)
  A bat (D:1)
  7 giant cockroaches
  4 goblins
  2 hobgoblins (D:1)
  5 jackals
  A quokka (D:3)
  5 frilled lizards
  11 kobolds
  8 rats
64 creatures vanquished.

Notes
Turn   | Place    | Note
-------+----------+-------------------------------------------
     0 | D:1      | Chaotic the Minotaur Fighter began the quest for the Orb.
     0 | D:1      | Reached XP level 1. HP: 19/19 MP: 0/0
   341 | D:1      | Reached skill level 4 in Shields
   394 | D:1      | Reached XP level 2. HP: 27/27 MP: 1/1
   557 | D:2      | Reached XP level 3. HP: 28/33 MP: 2/2
   638 | D:2      | Noticed Natasha
   645 | D:2      | Killed Natasha
   748 | D:2      | Noticed Natasha
   755 | D:2      | Killed Natasha
   755 | D:2      | Reached XP level 4. HP: 17/41 MP: 3/3
  1135 | D:2      | Found a bloodstained altar of Trog.
  1756 | D:3      | Found a glowing drain.
  1835 | Sewer    | Entered a sewer
  1841 | Sewer    | Reached XP level 5. HP: 47/47 MP: 4/4
  1920 | Sewer    | Reached skill level 5 in Shields
  1942 | Sewer    | Found a glowing silver altar of Zin.
  2383 | D:4      | Reached skill level 1 in Dodging
  2443 | D:4      | HP: 1/47 [orc wizard/puff of flame (9)]
  2445 | D:4      | Gained mutation: Your skin changes colour to match your surroundings (Stealth+). [potion of mutation]
  2445 | D:4      | Gained mutation: Your spells are a little easier to cast, but a little less powerful. [potion of mutation]
  2445 | D:4      | Gained mutation: You have large cloven feet. [potion of mutation]
  2445 | D:4      | Gained mutation: Your muscles are strong. (Str +2) [potion of mutation]
  2445 | D:4      | Slain by an orc wizard

Vault maps used:
D:1:      lemuel_arrival_muddy
D:2:      bloody_trog, uniq_natasha
D:3:      gup_sewer_entry_spiral
D:4:      temple_fountains, first_ration, kennysheep_generic_room_16
Sewer:    sewer_kobolds

Skill      XL: |  1  2  3  4  5 |
---------------+----------------+-----
Shields        | 4 5 |  5.1
Fighting       | 4 |  4.6
Armour         | 4 |  4.7
Short Blades   | 3 4 |  4.5
Dodging        | 1 |  1.0

Action                   |  1- 3 |  4- 6 || total
-------------------------+-------+-------++-------
Melee: Rapier            |    64 |   127 ||   191
       Headbutt          |     7 |    16 ||    23
  Use: Potion            |       |     1 ||     1
  Eat: Chunk             |       |     5 ||     5
Armor: Scale mail        |    22 |    51 ||    73
Dodge: Dodged            |    13 |    33 ||    46
Block: Shield            |    27 |    59 ||    86

Table legend:
 A = Spawn XP
 B = Non-spawn XP
 C = Spawn XP percentage of total XP
 D = Spawn monster count
 E = Non-spawn monster count
 F = Spawn count percentage of total count
 G = Total turns spent on level
                    A         B        C        D         E        F      G
               +---------+---------+-------+---------+---------+-------+---------
         Total |       0 |     379 |   0.0 |       0 |      64 |   0.0 |  2445
               +---------+---------+-------+---------+---------+-------+---------
           D:1 |       0 |      13 |   0.0 |       0 |       8 |   0.0 |   430
           D:2 |       0 |     109 |   0.0 |       0 |      21 |   0.0 |   897
           D:3 |       0 |      87 |   0.0 |       0 |      25 |   0.0 |   896
           D:4 |       0 |      49 |   0.0 |       0 |       3 |   0.0 |    68
         Sewer |       0 |     121 |   0.0 |       0 |       7 |   0.0 |   154
               +---------+---------+-------+---------+---------+-------+---------
